Map: Odyssey LE

Players

SoLidBoss - Winner!

  • Race: Protoss Protoss
  • League: Diamond
  • Spawn Location: 11:00

Parody

  • Race: Zerg Zerg
  • League: Diamond
  • Spawn Location: 5:00

VOD

Have the link to the VOD?

Description

Time

  • Played on: Aug. 8, 2017, 11:14 p.m.
  • Length: 21:14
Show
View Real Time Build Order
Export as new Build Order

SoLidBoss Protoss - Winner!

Build Orders: 1 Gate Expand 

Get SALT Encoding   

  12  0:02  Probe (Chrono Boost)  
  13  0:12  Probe (Chrono Boost)  
  14  0:22  Pylon  
  14  0:23  Probe (Chrono Boost)  
  15  0:40  Probe (Chrono Boost)  
  16  0:50  Gateway  
  16  0:51  Probe (Chrono Boost)  
  17  1:01  Probe (Chrono Boost)  
  18  1:12  Probe (Chrono Boost)  
  19  1:20  Nexus  
  19  1:30  Probe (Chrono Boost)  
  19  1:32  Assimilator  
  20  1:35  Assimilator  
  20  1:47  Pylon  
  20  1:55  Probe (Chrono Boost)  
  21  2:06  Cybernetics Core  
  21  2:09  Zealot (Chrono Boost), Gateway  
  23  2:17  Probe (Chrono Boost)  
  24  2:28  Probe (Chrono Boost)  
  24  2:31  Probe  
  25  2:39  Probe  
  25  2:42  Probe  
  25  2:43  Warp Gate (Chrono Boost)  
  24  2:44  Stalker (Chrono Boost)  
  29  2:50  Pylon  
  29  2:51  Probe  
  29  2:53  Mothership Core  
  32  3:03  Probe  
  33  3:10  Stalker (Chrono Boost)  
  35  3:13  Probe  
  35  3:16  Probe  
  35  3:19  Stalker (Chrono Boost)  
  39  3:23  Probe  
  40  3:28  Probe  
  41  3:34  Probe  
  41  3:40  Probe  
  43  3:42  Robotics Facility  
  43  3:45  Probe  
  44  3:52  Probe  
  44  3:54  Assimilator  
  44  3:55  Probe  
  45  3:57  Pylon  
  46  4:04  Probe  
  46  4:05  Sentry (Chrono Boost)  
  46  4:07  Gateway  
  49  4:13  Sentry  
  49  4:15  Probe  
  53  4:17  Probe  
  53  4:18  Assimilator  
  53  4:21  Pylon  
  53  4:25  Pylon  
  53  4:27  Probe  
  53  4:29  Probe  
  56  4:46  Probe (Chrono Boost), Pylon  
  56  4:48  Probe (Chrono Boost)  
  56  4:52  Gateway  
  59  4:54  Gateway  
  59  4:58  Probe (Chrono Boost)  
  59  4:59  Probe (Chrono Boost)  
  59  5:01  Gateway  
  59  5:03  Sentry  
  59  5:04  Twilight Council, Sentry  
  63  5:11  Probe (Chrono Boost)  
  64  5:16  Nexus  
  64  5:20  Pylon  
  64  5:26  Warp Prism, Probe (Chrono Boost)  
  67  5:30  Probe (Chrono Boost), Sentry  
  70  5:38  Sentry x2  
  70  5:42  Probe (Chrono Boost)  
  75  5:43  Probe (Chrono Boost)  
  76  5:50  Pylon  
  76  5:54  Pylon  
  77  5:57  Pylon  
  77  5:58  Probe (Chrono Boost)  
  77  5:59  Probe (Chrono Boost)  
  77  6:00  Adept  
  77  6:01  Adept, Pylon  
  67  6:07  Sentry  
  67  6:10  Probe (Chrono Boost)  
  70  6:13  Probe (Chrono Boost)  
  72  6:26  Probe (Chrono Boost)  
  70  6:34  Stalker x5  
  70  6:37  Sentry  
  76  6:56  Stalker  
  76  6:57  Stalker  
  76  6:58  Zealot x3  
  86  7:11  Stalker  
  88  7:29  Sentry  
  90  7:30  Zealot x3  
  90  7:31  Zealot  
  98  7:39  Probe x2 (Chrono Boost)  
  98  7:41  Probe (Chrono Boost)  
  101  7:50  Probe x2 (Chrono Boost)  
  104  7:53  Zealot x3, Probe (Chrono Boost)  
  104  7:54  Zealot x2  
  104  7:58  Zealot  
  116  8:00  Probe x2 (Chrono Boost)  
  110  8:10  Assimilator  
  110  8:11  Assimilator  
  110  8:12  Zealot  
  104  8:13  Zealot  
  104  8:14  Zealot x3  
  104  8:19  Probe (Chrono Boost)  
  111  8:20  Charge (Chrono Boost)  
  111  8:22  Observer  
  111  8:23  Probe x2  
  114  8:29  Templar Archives  
  114  8:31  Robotics Facility  
  114  8:32  Pylon  
  105  8:34  Probe  
  105  8:35  Adept, Probe  
  105  8:36  Probe  
  107  8:45  Immortal (Chrono Boost)  
  111  8:55  Forge  
  111  8:58  Gateway  
  111  9:00  Probe x2, Gateway  
  113  9:04  Probe  
  113  9:06  Psionic Storm  
  114  9:17  Probe  
  117  9:25  Immortal (Chrono Boost)  
  117  9:28  Warp Prism (Chrono Boost)  
  117  9:29  Photon Cannon  
  121  9:32  Photon Cannon  
  121  9:33  Sentry  
  121  9:34  Sentry  
  123  9:40  Adept x2  
  123  9:41  Sentry  
  129  9:58  Gateway  
  129  10:05  Immortal (Chrono Boost)  
  137  10:10  Immortal (Chrono Boost)  
  137  10:13  High Templar x4  
  145  10:15  Zealot  
  147  10:23  Protoss Ground Weapons Level 1  
  139  10:39  Zealot  
  141  10:48  Gateway  
  141  10:49  Zealot x3  
  147  10:50  Zealot  
  147  10:51  Gateway  
  147  10:54  Gateway  
  141  10:58  Immortal (Chrono Boost)  
  141  11:01  High Templar  
  141  11:03  Immortal (Chrono Boost)  
  149  11:08  Pylon  
  149  11:19  Pylon  
  149  11:20  Photon Cannon x2  
  149  11:21  Nexus  
  149  11:24  Pylon  
  149  11:27  High Templar x3  
  149  11:28  High Templar, Pylon  
  127  11:43  Assimilator  
  93  11:49  Assimilator  
  93  11:52  Zealot x4  
  96  12:03  Zealot x4  
  104  12:12  Photon Cannon  
  104  12:13  Photon Cannon  
  108  12:16  Immortal (Chrono Boost), Photon Cannon  
  108  12:19  Photon Cannon  
  108  12:20  High Templar x4  
  108  12:21  Immortal (Chrono Boost)  
  108  12:22  High Templar  
  118  12:24  Archon  
  118  12:25  Archon  
  118  12:27  Zealot x3  
  124  12:30  High Templar  
  126  12:44  Zealot x2  
  128  12:51  Probe x2  
  130  12:52  Probe  
  130  12:56  Probe  
  130  12:57  Protoss Ground Weapons Level 2 (Chrono Boost)  
  134  13:01  Probe  
  135  13:07  Probe x2  
  135  13:08  Probe  
  138  13:15  Stargate  
  138  13:18  Protoss Air Weapons Level 1 (Chrono Boost), Stargate  
  138  13:19  Pylon  
  138  13:24  High Templar x2  
  142  13:27  High Templar  
  142  13:29  Zealot x2  
  142  13:30  High Templar  
  142  13:31  Archon  
  150  13:35  Archon  
  150  13:48  Adept x3  
  152  13:49  Adept x3  
  107  14:10  Nexus, High Templar  
  107  14:11  High Templar x2  
  107  14:12  High Templar  
  107  14:13  Zealot  
  107  14:15  Archon  
  107  14:16  Archon  
  117  14:18  Probe  
  117  14:19  Probe x2  
  120  14:31  Probe  
  121  14:47  Void Ray x2  
  127  14:55  Immortal  
  127  14:59  Probe  
  132  15:00  Probe x2  
  132  15:03  High Templar  
  132  15:04  High Templar  
  138  15:08  Zealot, Archon  
  138  15:09  Probe  
  138  15:12  Probe  
  142  15:17  Probe  
  142  15:20  Probe  
  144  15:35  Photon Cannon  
  144  15:38  Probe x3  
  144  15:39  Photon Cannon, Probe  
  144  15:41  Pylon  
  148  15:47  Void Ray (Chrono Boost)  
  150  15:52  Void Ray (Chrono Boost)  
  154  16:01  High Templar  
  154  16:02  High Templar x3  
  162  16:06  Archon  
  162  16:07  Archon  
  115  16:39  Stalker x3  
  115  16:40  Stalker x6  
  115  16:41  Stalker  
  123  16:55  Void Ray (Chrono Boost)  
  123  16:56  Void Ray (Chrono Boost)  
  123  16:59  High Templar  
  133  17:02  High Templar  
  133  17:04  Zealot  
  133  17:05  Zealot x6  
  149  17:22  Probe x2  
  141  17:30  High Templar  
  141  17:32  Sentry  
  141  17:33  Void Ray x2 (Chrono Boost)  
  149  17:43  Nexus  
  149  17:45  Pylon  
  149  18:01  Stargate  
  149  18:04  Pylon  
  149  18:05  Mothership Core  
  151  18:10  Void Ray (Chrono Boost)  
  155  18:15  Zealot  
  155  18:16  Zealot  
  159  18:20  Zealot x3  
  163  18:28  Void Ray (Chrono Boost)  
  123  18:53  Zealot x7  
  123  18:54  Zealot  
  131  19:14  Void Ray (Chrono Boost)  
  131  19:15  High Templar x4  
  147  19:19  Void Ray (Chrono Boost)  
  145  19:24  Probe x2  
  145  19:25  Probe  
  146  19:31  Archon x2  
  146  19:34  Stalker x2  
  146  19:35  Zealot  
  146  19:37  High Templar  
  152  19:58  Zealot x5  
  162  20:13  Void Ray x2 (Chrono Boost)  
  174  20:18  Zealot x2, Void Ray (Chrono Boost)  
  174  20:19  Zealot x3  
  184  20:32  Probe, Assimilator x2  
  184  20:33  Probe x3, Assimilator  
  188  20:44  Fleet Beacon  
  186  20:58  Zealot x6  
Show
View Real Time Build Order
Export as new Build Order

Parody Zerg 

Build Orders: Hatch First 

Get SALT Encoding   

  12  0:00  Drone  
  13  0:12  Overlord  
  13  0:17  Drone  
  14  0:31  Drone  
  14  0:32  Drone  
  16  0:36  Drone  
  17  0:57  Hatchery  
  16  1:08  Spawning Pool  
  16  1:11  Drone  
  16  1:14  Drone  
  17  1:19  Drone  
  18  1:27  Drone  
  19  1:35  Extractor  
  18  1:43  Overlord  
  18  1:44  Drone  
  19  1:55  Queen  
  21  2:04  Zergling x2  
  21  2:08  Drone  
  23  2:12  Queen  
  23  2:14  Drone  
  26  2:28  Drone x2  
  28  2:35  Metabolic Boost  
  28  2:37  Drone x2  
  30  2:40  Overlord  
  30  2:49  Drone  
  31  2:57  Hatchery  
  30  3:06  Drone x3  
  30  3:07  Drone  
  34  3:14  Drone x2  
  34  3:17  Evolution Chamber  
  35  3:20  Baneling Nest  
  35  3:22  Drone  
  35  3:24  Drone  
  36  3:35  Drone  
  36  3:36  Drone x2  
  36  3:40  Drone  
  40  3:42  Drone  
  40  3:43  Drone x3  
  40  3:45  Overlord  
  44  3:48  Overlord  
  44  4:02  Queen  
  44  4:08  Extractor  
  45  4:12  Zergling x2  
  45  4:13  Zergling x16  
  54  4:20  Queen  
  54  4:24  Overlord, Extractor, Zerg Melee Weapons Level 1  
  55  4:25  Overlord, Extractor  
  55  4:30  Drone  
  55  4:33  Drone  
  55  4:34  Drone  
  57  4:44  Pneumatized Carapace  
  57  4:53  Drone x3  
  57  4:54  Drone x4, Spore Crawler  
  63  5:12  Lair  
  63  5:17  Drone  
  63  5:18  Drone x8  
  63  5:20  Evolution Chamber  
  71  5:23  Baneling x4  
  71  5:26  Zergling x6  
  72  5:38  Zergling x4  
  72  5:40  Overlord  
  74  5:42  Overlord  
  74  5:43  Overlord  
  74  5:46  Spore Crawler  
  73  6:02  Zergling x2  
  73  6:03  Zergling x18  
  81  6:10  Hydralisk Den  
  80  6:15  Overlord, Extractor  
  80  6:16  Overlord  
  80  6:17  Zergling x8  
  80  6:18  Zergling x2  
  84  6:20  Hatchery  
  75  6:36  Zergling x2  
  75  6:37  Zergling x6  
  74  6:40  Hydralisk x3, Baneling x7  
  74  6:41  Hydralisk x3  
  74  6:46  Overseer x3  
  86  6:55  Queen  
  87  7:08  Hydralisk x5  
  75  7:09  Hydralisk, Zergling x2  
  75  7:10  Zergling x2  
  89  7:16  Queen, Hydralisk  
  89  7:23  Zergling x10  
  89  7:27  Zergling x4  
  96  7:31  Baneling  
  96  7:32  Baneling x4  
  96  7:33  Zergling x4  
  98  7:49  Zerg Melee Weapons Level 2  
  98  7:50  Zerg Ground Armor Level 1  
  98  7:53  Zergling x2  
  98  7:54  Zergling x10  
  97  8:09  Centrifical Hooks  
  94  8:20  Zergling x2  
  94  8:21  Zergling x20  
  94  8:22  Spire  
  97  8:38  Drone x6  
  97  8:39  Overlord x3  
  103  8:50  Extractor  
  103  8:54  Overlord  
  102  8:57  Queen  
  104  9:03  Hydralisk x7  
  118  9:15  Hydralisk x5  
  126  9:32  Hydralisk  
  126  9:33  Hydralisk x4  
  126  9:35  Overlord  
  126  9:36  Overlord x3  
  134  9:40  Zergling x2  
  132  9:48  Hydralisk  
  132  9:49  Hydralisk  
  135  9:54  Overlord x3  
  135  10:00  Zerg Ground Armor Level 2  
  135  10:04  Infestation Pit  
  135  10:06  Drone  
  135  10:07  Drone x4  
  137  10:11  Zergling x2  
  135  10:16  Baneling x6  
  135  10:22  Zergling x6  
  136  10:40  Zergling x14  
  136  10:41  Zergling x8  
  141  10:59  Zergling x12  
  141  11:04  Hive  
  147  11:06  Zerg Missile Weapons Level 1  
  147  11:10  Drone x3  
  150  11:12  Drone  
  150  11:13  Drone x8  
  159  11:20  Baneling x6  
  159  11:21  Baneling x20  
  159  11:23  Baneling  
  159  11:31  Extractor  
  152  11:37  Hatchery  
  128  11:46  Zergling x8  
  128  11:47  Zergling x34  
  117  11:53  Zergling x4  
  122  12:24  Drone x3  
  122  12:25  Drone x5  
  127  12:44  Overlord x6  
  127  12:47  Zerg Melee Weapons Level 3  
  127  12:51  Baneling x3  
  127  12:52  Baneling x26  
  127  12:53  Baneling x7  
  127  12:57  Greater Spire  
  127  13:10  Drone  
  127  13:11  Drone x7  
  135  13:13  Zerg Ground Armor Level 3  
  135  13:14  Zergling x2  
  135  13:15  Zergling x32  
  135  13:16  Zergling x2  
  135  13:17  Zergling x4  
  155  13:24  Adrenal Glands  
  155  13:29  Queen  
  155  13:30  Extractor  
  155  13:31  Extractor  
  152  13:53  Hatchery  
  111  14:04  Corruptor x3  
  111  14:05  Corruptor x3  
  111  14:06  Zergling x22  
  111  14:07  Zergling x24  
  129  14:21  Corruptor x5  
  129  14:22  Zergling x2  
  129  14:23  Zergling x2  
  141  14:34  Hatchery  
  140  14:41  Brood Lord x3  
  140  14:43  Zergling x6  
  140  14:44  Zergling x12  
  155  14:48  Corruptor  
  155  14:49  Corruptor  
  159  15:05  Infestor x2  
  159  15:06  Zergling x2  
  164  15:07  Zergling x22  
  164  15:08  Baneling  
  164  15:09  Baneling x2  
  164  15:10  Baneling x2  
  164  15:11  Baneling x2  
  164  15:12  Baneling  
  164  15:13  Baneling  
  175  15:14  Baneling  
  175  15:15  Baneling  
  175  15:16  Extractor, Baneling  
  175  15:19  Extractor  
  173  15:23  Baneling x6  
  173  15:26  Overseer  
  173  15:27  Overseer  
  173  15:30  Overseer  
  173  15:31  Overseer  
  173  15:52  Brood Lord x2  
  173  15:53  Zergling x2  
  173  15:54  Zergling x44  
  200  16:17  Corruptor x5  
  119  16:34  Zergling x8  
  119  16:35  Zergling x34  
  138  16:51  Zergling x2  
  138  16:52  Zergling x12  
  138  16:53  Overseer  
  133  17:02  Brood Lord x5, Infestor  
  133  17:03  Infestor  
  145  17:25  Zergling x24  
  154  17:33  Infestor x2  
  154  17:34  Zergling x2  
  155  17:55  Baneling x10  
  155  17:56  Baneling x14  
  155  18:02  Zergling x16  
  155  18:03  Zergling x2  
  155  18:04  Zergling x2  
  165  18:08  Corruptor  
  167  18:32  Queen  
  124  18:52  Corruptor  
  124  18:53  Corruptor x11  
  124  18:54  Zergling x2  
  137  19:05  Corruptor x3  
  137  19:07  Zergling x2  
  122  19:47  Hatchery  
  119  19:54  Hydralisk  
  119  19:55  Hydralisk x14  
  119  19:57  Hydralisk  
  145  20:09  Hydralisk x3  
  145  20:10  Hydralisk x2  
  153  20:22  Hydralisk x3  
  153  20:23  Hydralisk x3  
  158  20:52  Zergling x22  
  158  20:53  Zergling x20  
Tags
 
Add a new tag
Caveats
  • Supply blocks, unpowered buildings, or Contaminate may cause inaccurate times.
  • Supply counts are checked every 10 seconds.